 Dungeon Crawl Stone Soup version 0.23-a0-554-gd3cbc84 (webtiles) character file.

89 TheGoonsmith the Firebug (level 4, -1/24 HPs)
             Began as a Deep Elf Fire Elementalist on Dec 10, 2018.
             Succumbed to a water moccasin's poison
             ... on level 2 of the Dungeon.
             The game lasted 00:03:55 (1969 turns).

TheGoonsmith the Firebug (DEFE)                     Turns: 1969, Time: 00:03:55

Health: -1/24      AC:  2    Str:  5    XL:     4   Next: 31%
Magic:  11/11      EV: 14    Int: 25    God:
Gold:   114        SH:  0    Dex: 16    Spells: 9/10 levels left

rFire    . . .     SeeInvis .   b - +0 club
rCold    . . .     Gourm    .   (no shield)
rNeg     . . .     Faith    .   a - +0 robe
rPois    .         Spirit   .   (no helmet)
rElec    .         Reflect  .   (no cloak)
rCorr    .         Harm     .   (no gloves)
MR       .....                  (no boots)
Stlth    ++........             (no amulet)
HPRegen  0.08/turn              (no ring)
MPRegen  0.12/turn              (no ring)

@: brilliant, lethally poisoned (-1 -> -20)
A: no striking features
a: no special abilities


You were on level 2 of the Dungeon.
You were very hungry.

You visited 1 branch of the dungeon, and saw 2 of its levels.

You collected 114 gold pieces.

Inventory:

Hand Weapons
 b - a +0 club (weapon)
Armour
 a - a +0 robe (worn)
Jewellery
 h - an uncursed amulet of the gourmand {unknown}
Scrolls
 d - a scroll of enchant weapon {unknown}
 f - 3 scrolls of identify {unknown}
 g - 2 scrolls of blinking {unknown}
 j - a scroll of enchant armour {unknown}
 l - a scroll of amnesia {unknown}
Potions
 e - 2 potions of flight
 k - a potion of ambrosia
Comestibles
 c - 7 rations


   Skills:
 + Level 3.3 Dodging
 + Level 3.4 Stealth
 + Level 3.8 Spellcasting
 + Level 2.1 Conjurations
 + Level 3.9 Fire Magic


You had 9 spell levels left.
You knew the following spells:

 Your Spells              Type           Power        Failure   Level  Hunger
a - Flame Tongue          Conj/Fire      #####        1%          1    None

Your spell library contained the following spells:

 Spells                   Type           Power        Failure   Level  Hunger
 Throw Flame              Conj/Fire      #####.       1%          2    #......
 Conjure Flame            Conj/Fire      #####...     1%          3    ##.....
 Inner Flame              Hex/Fire       ####....     1%          3    ##.....
 Sticky Flame             Conj/Fire      #####...     3%          4    ####...
 Fireball                 Conj/Fire      #####.....   9%          5    ######.


Dungeon Overview and Level Annotations

Branches:
Dungeon (2/15)

Altars:

Annotations:
D:2 Robin


Message History

* * * LOW HITPOINT WARNING * * *
You are more poisoned.
The water moccasin poisons you!
You feel sick. The water moccasin bites you.
* * * LOW HITPOINT WARNING * * *
You are more poisoned.
The water moccasin poisons you!
You feel sick. The water moccasin bites you.
* * * LOW HITPOINT WARNING * * *
You feel less invigorated.
You feel less confused.
You feel sick. The water moccasin bites you.
* * * LOW HITPOINT WARNING * * *
* * * LOW HITPOINT WARNING * * *
You feel sick.
* * * LOW HITPOINT WARNING * * *
You feel sick.
It was a potion of brilliance.
You feel clever all of a sudden.
You die...

#.## .## .!# ... #.#####.## .
#....#...## #. ##.........#
###.##########.......(...
##.....#.....##...........
##.............#S..........
#..............@#.......... #
#...............##...#...#..#
#........÷......###########.###
#................).).#####.....
#................###...#...#..##
#...................÷....# ...
###......)......#...####g.####.#
.........#.....##...# ##K.g.#.#
.........########...# ####...##


You could see a water moccasin.

Vanquished Creatures
  2 adders (D:2)
  A worm (D:2)
  3 leopard geckos
  2 giant cockroaches
  11 goblins
  13 hobgoblins
  5 jackals (D:2)
  A quokka (D:2)
  5 bats
  5 kobolds
  10 rats
58 creatures vanquished.

Notes
Turn   | Place    | Note
-------+----------+-------------------------------------------
     0 | D:1      | TheGoonsmith the Deep Elf Fire Elementalist began the quest
                  | for the Orb.
     0 | D:1      | Reached XP level 1. HP: 10/10 MP: 6/6
   211 | D:1      | Reached XP level 2. HP: 12/15 MP: 5/8
   586 | D:1      | Reached XP level 3. HP: 19/19 MP: 7/9
   694 | D:1      | You fall through a shaft!
  1487 | D:2      | Reached XP level 4. HP: 24/24 MP: 9/11
  1494 | D:2      | Noticed Robin
  1952 | D:2      | Noticed a water moccasin
  1968 | D:2      | HP: 1/24 [poisoned by a water moccasin]
  1969 | D:2      | Succumbed to a water moccasin's poison

Vault maps used:
D:1:      tarquinn_simple_flora_water_b, serial_glass, glass_columns_c,
          glass_columns_a, serial_bayou_pond_a, chequers_decorated_corner,
          minmay_small_reverse_x
D:2:      grunt_decor_clamped, uniq_robin

Skill      XL: |  1  2  3 |
---------------+----------+-----
Stealth        | 3 |  3.4
Dodging        | 3 |  3.3
Conjurations   | 2 |  2.1
Spellcasting   | |  3.8
Fire Magic     | |  3.9

Action                   |  1- 3 |  4- 6 || total
-------------------------+-------+-------++-------
Melee: Club              |    22 |     5 ||    27
 Cast: Flame Tongue      |    73 |    27 ||   100
  Use: Potion            |     2 |     2 ||     4
  Eat: Chunk             |       |     2 ||     2
Armor: Robe              |    18 |     7 ||    25
Dodge: Dodged            |    48 |    23 ||    71

Table legend:
 A = Non-vault XP
 B = Vault XP
 C = Vault XP percentage of total XP
 D = Non-vault monster count
 E = Vault monster count
 F = Vault count percentage of total count
                 A         B        C        D         E       F
            +---------+---------+-------+---------+---------+-------
      Total |     105 |      23 |  18.0 |      46 |      12 |  20.7
            +---------+---------+-------+---------+---------+-------
        D:1 |      46 |       9 |  16.4 |      27 |       5 |  15.6
        D:2 |      59 |      14 |  19.2 |      19 |       7 |  26.9
            +---------+---------+-------+---------+---------+-------
